 Dungeon Crawl Stone Soup version 0.29.1-15-g9cfb28693d (webtiles) character file.

Game seed: 11587978662573672992

21 croobank the Sneak (level 2, -2/21 HPs)
             Began as an Octopode Delver on Feb 25, 2023.
             Slain by a hound (6 damage)
             ... on level 5 of the Dungeon.
             The game lasted 00:02:07 (115 turns).

croobank the Sneak (Octopode Delver)                 Turns: 115, Time: 00:02:07

Health: -2/21      AC:  1    Str: 11    XL:     2   Next: 87%
Magic:  2/2        EV: 13    Int: 12    God:
Gold:   0          SH:  0    Dex: 13    Spells: 1/1 levels left

rFire   . . .      SeeInvis .   a - +0 hand axe
rCold   . . .      Faith    .   (no shield)
rNeg    . . .      Spirit   .   (helmet restricted)
rPois   .          Reflect  .   (no amulet)
rElec   .          Harm     .   (no ring)
rCorr   .          Rampage  .   (no ring)
Will    .....                   (no ring)
Stlth   ++++......              (no ring)
HPRegen 0.07/turn               (no ring)
MPRegen 0.08/turn               (no ring)
                                (no ring)
                                (no ring)

@: no status effects
A: almost no armour, amphibious, 8 rings, camouflage 1, gelatinous body 1,
(nimble swimmer 1), tentacles
a: no special abilities


You were on level 5 of the Dungeon.
You visited 1 branch of the dungeon, and saw 3 of its levels.

Inventory:

Hand Weapons
 a - a +0 hand axe (weapon)
Wands
 f - a wand of digging (3)
Scrolls
 b - a scroll of fog
Potions
 e - a potion of haste


   Skills:
 + Level 3.2 Fighting
 + Level 2.3 Axes
 + Level 2.3 Dodging
 + Level 6.9 Stealth


You had one spell level left.
You didn't know any spells.
Your spell library was empty.

Dungeon Overview and Level Annotations

Branches:
Dungeon (6/15)             Temple (0/1) D:5

Altars:

Shops:
D:4 [

Annotations:
D:4 Eustachio


Innate Abilities, Weirdness & Mutations

You cannot wear most types of armour.
You are amphibious.
You can wear up to eight rings at the same time.
Your skin changes colour to match your surroundings (Stealth+).
Your rubbery body absorbs attacks. (AC +1, EV +1)
((You are camouflaged when in or above water. (Stealth+)))
You have tentacles for arms and can constrict up to eight enemies at once.


Message History

The gnoll shouts!
You climb downwards.
You hear the sound of rushing water.
There is an entrance to a sewer on this level.
Hurry and find it before the portal rusts away!
The scorpion completely misses you. The scorpion stings you.
There is a stone staircase leading up here.
As you read the scroll of fear, it crumbles to dust.
You assume a fearsome visage.
The scorpion looks frightened!
You hear the slow rusting of a very distant drain.
A dart slug comes into view.
The dart slug launches a dart at you. The slug dart misses you.
You hit the dart slug but do no damage. You grab the dart slug.
You constrict the dart slug.
The hound barks!
The dart slug launches a dart at you. The slug dart misses you.
You completely miss the dart slug.
The dart slug is moderately wounded.
You constrict the dart slug.
An orc comes into view. It is wielding a +0 dagger.
You completely miss the dart slug.
The orc shouts!
You squeeze the dart slug.
The dart slug is severely wounded.
You constrict the dart slug.
You hear a shout!
The dart slug barely misses you.
You hit the hound but do no damage. Your grab misses the hound.
You completely miss the dart slug. You constrict the dart slug.
You kill the dart slug!
An orc comes into view. It is wielding a +0 trident.
The hound bites you.
* * * LOW HITPOINT WARNING * * *
As you read the scroll labelled VAFFAS CAFF, it crumbles to dust.
Your body is wracked with pain!
* * * LOW HITPOINT WARNING * * *
The hound convulses!
The orc convulses! x2; It was a scroll of torment.
The hound misses you. The hound bites you.
You die...

........##.....,,,,,,*
***#..<<...#...,,,,,,*
,,,##.##J.....o,,,,,,*
,8,...**.......,,,>,,*
,..###*,......o#******
##*****,###..#..* ,,,,*,,,*
*#..#.## ,,,,,,*** *#....##
,*,**** *##h@.# ,,,,,***
##†.########## ,,,,,,,*
#.....#.....##
,,,,,,,********#..##........##
,,,,,,,,,,,,,......#.........#
*****,,*****##.....#.........#
* **,,,****##....#.........# *
***,,,,,*#..............#
*********,,,,,.....#...<.....#


You could see a hound and 2 orcs.

Vanquished Creatures
  2 adders
  A dart slug (D:5)
3 creatures vanquished.

Notes
Turn   | Place    | Note
-------+----------+-------------------------------------------
     0 | D:5      | croobank the Octopode Delver began the quest for the Orb.
     0 | D:5      | Reached XP level 1. HP: 16/16 MP: 1/1
    32 | D:6      | Reached XP level 2. HP: 20/21 MP: 2/2
    38 | D:6      | Noticed a bullfrog
    53 | D:5      | Noticed a scorpion
    58 | D:4      | Noticed Eustachio
    69 | D:4      | Found Oheackut's Antique Armour Shoppe.
    76 | D:4      | You fall into a shaft and drop 2 floors!
   115 | D:5      | Slain by a hound

Illustrated notes

Levels and vault maps discovered:
D:4:      layout_rooms, okawaru_gym_becter, serial_shops, shop, enter_ossuary_5,
          uniq_eustachio
D:5:      layout_rooms, minitemple, general_overflow_altar,
          minmay_temple_entry_antechambers, cheibrodos_sewer_entry_sluice,
          uniq_pikel, uniq_prince_ribbit1, uniq_ijyb
D:6:      layout_loops_ring, gammafunk_ghost_split, uniq_menkaure

Action                   || total
-------------------------++-------
Melee: Hand axe          ||     9
       Constrict         ||     2
       Tentacles         ||     1
  Use: Scroll            ||     3
Dodge: Dodged            ||    12
